 Dungeon Crawl Stone Soup version 0.19.1-1-g22dce08 (webtiles) character file.

127 dngmouse the Shield-Bearer (level 5, -13/33 HPs)
             Began as a Gargoyle Fighter on Dec 30, 2016.
             Mangled by an ogre
             ... wielding a +0 giant spiked club
              (14 damage)
             ... on level 3 of the Dungeon.
             The game lasted 00:02:58 (1628 turns).

dngmouse the Shield-Bearer (Gargoyle Fighter)       Turns: 1628, Time: 00:02:58

Health: -13/33     AC: 11    Str: 20    XL:     5   Next: 11%
Magic:  0/5        EV:  8    Int: 12    God:
Gold:   131        SH:  9    Dex:  9    Spells: 0 memorised, 4 levels left

rFire  . . .     SeeInvis .     a - +0 flail
rCold  . . .     Gourm    .     b - +0 scale mail
rNeg   + . .     Faith    .     c - +0 shield
rPois  ∞         Spirit   +     (no helmet)
rElec  +         Reflect  .     (no cloak)
rCorr  .         Harm     .     (no gloves)
MR     .....                    (no boots)
Stlth  ..........               q - amulet of guardian spirit
                                x - +3 ring of intelligence
                                w - ring of wizardry

@: fainting
A: negative energy resistance 1, electricity resistance, unbreathing,
petrification resistance, rot immunity, AC +4
a: no special abilities


You were on level 3 of the Dungeon.
You were fainting.

You visited 1 branch of the dungeon, and saw 3 of its levels.

You collected 131 gold pieces.

Inventory:

Hand Weapons
 a - a +0 flail (weapon)
Missiles
 e - a throwing net (quivered)
 h - 6 tomahawks
Armour
 b - a +0 scale mail (worn)
 c - a +0 shield (worn)
Jewellery
 q - an amulet of guardian spirit (around neck)
 w - a ring of wizardry (left hand)
 x - a +3 ring of intelligence (right hand)
 z - an uncursed ring of see invisible {unknown}
Scrolls
 g - 2 scrolls of noise {unknown}
 i - 5 scrolls of identify {unknown}
 l - 2 scrolls of remove curse {unknown}
 n - a scroll of fog {unknown}
 o - a scroll of enchant weapon {unknown}
 p - 2 scrolls of amnesia {unknown}
 u - a scroll of teleportation {unknown}
 y - a scroll of fear {unknown}
Potions
 d - a potion of might
 j - a potion of curing {unknown}
 k - 4 potions of brilliance {unknown}
 r - a potion of resistance {unknown}
 s - 2 potions of heal wounds {unknown}
 t - a potion of cure mutation {unknown}
Comestibles
 f - a bread ration
 m - a slice of pizza
 v - 2 meat rations


   Skills:
 + Level 3.8 Fighting
 + Level 2.9 Maces & Flails
 + Level 4.1 Armour
 + Level 1.0 Dodging
 + Level 4.3 Shields


You had 4 spell levels left.
You didn't know any spells.

Dungeon Overview and Level Annotations

Branches:
Dungeon (3/15)

Altars:


Innate Abilities, Weirdness & Mutations

You are resistant to torment.
Your stone body is resilient. (AC +4)
You are immune to poison.
You resist negative energy. (rN+)
You are resistant to electric shocks. (rElec)
You can survive without breathing.
You are immune to petrification.
You are immune to rotting.


Message History

Found a stone staircase leading down.
Found a stone staircase leading up.
Found a scroll labeled FONGIS OSENAK.
Found 4 gold pieces.
An ogre comes into view. It is wielding a giant spiked club.
Found 2 bubbling silvery potions.
The ogre hits you with a giant spiked club!
You hit the ogre but do no damage.
The ogre hits you with a giant spiked club.
You thump the ogre!
The ogre is moderately wounded.
The ogre hits you with a giant spiked club.
You thump the ogre!
The ogre is severely wounded.
The ogre hits you with a giant spiked club!
* * * LOW HITPOINT WARNING * * *
You hit the ogre but do no damage.
The ogre is severely wounded.
The ogre hits you with a giant spiked club!
You die...

#######.# #.# #.#
#.<..$#.# #.# #.####
#.....#.###.####.....
#..#.................
#?....#.>.........###
#.....###########....
###..## ##### #..# #
#.@# #.O# #..# #..#
#..# . #..# . #!.#
#..#


You could see an ogre.

Vanquished Creatures
  Jessica (D:2)
  Terence (D:3)
  4 adders
  A worm (D:2)
  A dart slug (D:1)
  A ball python (D:2)
  2 bats (D:2)
  5 giant cockroaches
  3 goblins
  5 hobgoblins
  4 frilled lizards
  4 kobolds (D:1)
  7 rats
39 creatures vanquished.

Notes
Turn   | Place    | Note
-------+----------+-------------------------------------------
     0 | D:1      | dngmouse the Gargoyle Fighter began the quest for the Orb.
     0 | D:1      | Reached XP level 1. HP: 14/14 MP: 1/1
   119 | D:1      | Reached XP level 2. HP: 19/19 MP: 2/2
   511 | D:2      | Reached XP level 3. HP: 22/24 MP: 3/3
   694 | D:2      | Noticed Jessica
   706 | D:2      | Killed Jessica
   742 | D:2      | Reached XP level 4. HP: 7/29 MP: 4/4
  1380 | D:3      | Reached skill level 1 in Dodging
  1444 | D:3      | Noticed Terence
  1460 | D:3      | Killed Terence
  1460 | D:3      | Reached XP level 5. HP: 30/33 MP: 5/5
  1621 | D:3      | Noticed an ogre
  1627 | D:3      | HP: 1/33 [ogre/giant spiked club (15)]
  1628 | D:3      | Mangled by an ogre

Skill      XL: |  1  2  3  4 |
---------------+-------------+-----
Shields        | 4 |  4.3
Dodging        | 1 |  1.0
Armour         | 4 |  4.1
Fighting       | |  3.8
Maces & Flails | |  2.9

Action                   |  1- 3 |  4- 6 || total
-------------------------+-------+-------++-------
Melee: Flail             |   116 |    89 ||   205
Armor: Scale mail        |    52 |    59 ||   111
Dodge: Dodged            |    39 |    19 ||    58
Block: Shield            |    59 |    50 ||   109
